 Dungeon Crawl Stone Soup version 0.32-a0-772-g33df2375a9 (webtiles) character file.

Game seed: 5466121151586720776

44388 Ajdolov the Bludgeoner (level 13, -2/107 HPs)
             Began as an Armataur Gladiator on Mar 19, 2024.
             Was the Champion of Okawaru.
             Killed from afar by a kobold blastminer (33 damage)
             ... with an iron shot
             ... on level 1 of the Orcish Mines.
             The game lasted 00:42:52 (20194 turns).

Ajdolov the Bludgeoner (Armataur Gladiator)        Turns: 20194, Time: 00:42:52

Health: -2/107     AC: 29    Str: 25    XL:     13   Next: 96%
Magic:  19/19      EV:  2    Int: 10    God:    Okawaru [******]
Gold:   1266       SH: 10    Dex: 12    Spells: 12/12 levels left

rFire   . . .        T - +10 eveningstar "Rikhlup" {holy, Str+2 Stlth+}
rCold   + . .        G - +0 buckler
rNeg    . . .        Q - +0 plate armour
rPois   .            c - +0 helmet
rElec   .            B - +0 cloak
rCorr   .            b - +0 pair of gloves
SInv    .            U - +4 barding {Stlth+}
Will    .....        w - amulet of reflection Stlth
                     m - +4 ring of protection
HPRegen 0.37/turn    i - ring of protection from cold
MPRegen 0.16/turn

%: reflection, roll
@: slowed, very slow
A: large, deformed body, tough skin 3, armoured tail, rollpage 2
a: Renounce Religion, Heroism, Finesse, Duel


You were on level 1 of the Orcish Mines.
You worshipped Okawaru.
Okawaru was exalted by your worship.
You visited 4 branches of the dungeon, and saw 19 of its levels.

You collected 1736 gold pieces.
You spent 470 gold pieces at shops.

Inventory:

Hand Weapons
 T - the +10 eveningstar "Rikhlup" (weapon) {holy, Str+2 Stlth+}
   (Okawaru gifted it to you on level 12 of the Dungeon)

   Str+2:     It affects your strength (+2).
   Stlth+:    It makes you more stealthy.
Missiles
 d - 3 throwing nets
 e - a javelin
 D - 2 atropa-tipped darts
 H - 10 boomerangs (quivered)
 J - 6 silver javelins
Armour
 b - a +0 pair of gloves (worn)
 c - a +0 helmet (worn)
 s - a +0 kite shield
 B - a +0 cloak (worn)
 G - a +0 buckler (worn)
 Q - a +0 plate armour (worn)
 U - a +4 barding of stealth (worn)
Jewellery
 i - a ring of protection from cold (right hand)
 m - a +4 ring of protection (left hand)
 o - a +6 ring of strength
 w - an amulet of reflection (around neck)
 N - a ring of fire
 P - a ring of flight
Wands
 a - a wand of acid (9)
 g - a wand of flame (2)
 y - a wand of roots (17)
 O - a wand of paralysis (2)
Scrolls
 f - a scroll of amnesia
 h - a scroll of immolation
 j - 2 scrolls of enchant weapon
 k - 12 scrolls of teleportation
 q - 4 scrolls of fog
 t - 2 scrolls of revelation
 x - 4 scrolls of blinking
 z - 2 scrolls of identify
 E - 5 scrolls of noise
 F - 2 scrolls of fear
 R - 2 scrolls of brand weapon
Potions
 l - 2 potions of cancellation
 n - 2 potions of might
 p - 3 potions of mutation
 u - a potion of enlightenment
 v - 3 potions of resistance
 A - 5 potions of curing
 C - a potion of lignification
 K - a potion of haste
 M - a potion of brilliance
 S - a potion of invisibility
Miscellaneous
 I - a phial of floods


   Skills:
 - Level 8.0 Fighting
 - Level 16.0 Maces & Flails
 - Level 8.6 Throwing
 + Level 8.3 Armour
 - Level 2.1 Dodging
 - Level 5.0 Shields
 - Level 8.8 Invocations
 * Level 2.6 Evocations


You had 12 spell levels left.
You didn't know any spells.
Your spell library contained the following spells:

 Spells                   Type           Power      Damage    Failure   Level
 Apportation              Tloc           0%         N/A       99%         1
 Slow                     Hex            0%         N/A       99%         1
 Blink                    Tloc           0%         N/A       100%        2
 Jinxbite                 Hex            0%         N/A       100%        2
 Lesser Beckoning         Tloc           0%         N/A       100%        2
 Momentum Strike          Conj/Tloc      0%         3d8       100%        2
 Static Discharge         Conj/Air       0%         3-3/arc   100%        2
 Confusing Touch          Hex            0%         N/A       100%        3
 Fugue of the Fallen      Necr           0%         N/A       100%        3
 Ozocubu's Armour         Ice            0%         N/A       100%        3
 Vampiric Draining        Necr           0%         2d6       100%        3
 Airstrike                Air            0%         2d(0-16)  100%        4
 Leda's Liquefaction      Alch/Erth      0%         N/A       100%        4
 Manifold Assault         Tloc           0%         N/A       100%        4
 Passage of Golubria      Tloc           0%         N/A       100%        4
 Petrify                  Alch/Erth      0%         N/A       100%        4
 Alistair's Intoxication  Alch           0%         N/A       100%        5
 Lee's Rapid Deconstruct  Erth           0%         3d4*      100%        5
 Metabolic Englaciation   Hex/Ice        0%         N/A       100%        5
 Silence                  Hex/Air        0%         N/A       100%        5
 Yara's Violent Unravell  Hex/Alch       0%         3d3       100%        5
 Permafrost Eruption      Ice/Erth       0%         2x4d2     100%        6
 Lehudib's Crystal Spear  Conj/Erth      0%         10d2      100%        8
 Tukima's Dance           Hex            Unusable   N/A       N/A         3
 Summon Lightning Spire   Summ/Air       Unusable   N/A       N/A         4

Dungeon Overview and Level Annotations

Branches:
Dungeon (12/15)            Temple (1/1) D:6            Lair (5/5) D:10
 Shoals (0/4) Lair:3        Snake (0/4) Lair:3          Orc (1/2) D:11
  Slime: Lair:4-5

Altars:
Ashenzari
Cheibriados
Dithmenos
Elyvilon
Fedhas
Gozag
Hepliaklqana
Kikubaaqudgha
Makhleb
Nemelex Xobeh
Okawaru
Qazlal
Ru
Sif Muna
Trog
Uskayaw
Vehumet
Wu Jian
Xom
Yredelemnul
Zin
The Shining One
Beogh

Shops:
D:6 =*   D:8 *

Annotations:
Temple 4 transporters
Lair:3 exclusion: oklob plant


Innate Abilities, Weirdness & Mutations

Armour fits poorly on your strangely shaped body.
You have extremely tough skin. (AC +3)
You have a long armoured tail.
You regenerate magic and health when rolling toward enemies. (Rampage Regen)


Message History

You closely miss the kobold blastminer. You tail-slap the kobold blastminer.
The kobold blastminer is lightly wounded.
The kobold blastminer blasts its cannon at you.
The iron shot hits you but does no damage.
The kobold blastminer is knocked back by the blast.
The kobold blastminer hits you but does no damage.
You bludgeon the kobold blastminer!!
Your tail-slap misses the kobold blastminer.
The kobold blastminer is heavily wounded.
You block the kobold blastminer's attack.
You barely miss the kobold blastminer.
The kobold blastminer is heavily wounded.
The kobold blastminer blasts its cannon at you.
The iron shot hits you!!
The kobold blastminer is knocked back by the blast.
The kobold blastminer barely misses you.
You are too injured to fight recklessly!
You are too injured to fight recklessly!
You are too injured to fight recklessly!
You hit the kobold blastminer.
The kobold blastminer is severely wounded.
The kobold blastminer shoots a bolt.
The bolt hits you!
* * * LOW HITPOINT WARNING * * *
The kobold blastminer hits you.
* * * LOW HITPOINT WARNING * * *
You closely miss the kobold blastminer.
Your tail-slap misses the kobold blastminer.
The kobold blastminer is severely wounded.
The kobold blastminer shoots a bolt.
The bolt hits you.
* * * LOW HITPOINT WARNING * * *
The kobold blastminer hits you but does no damage.
Unknown command.
You closely miss the kobold blastminer.
The kobold blastminer is severely wounded.
The kobold blastminer hits you.
* * * LOW HITPOINT WARNING * * *
You feel much better.
The kobold blastminer blasts its cannon at you.
The iron shot hits you!!
You die...

#. .....K.$.
##.##..#.....
#............
##..........#
##K..#....##
#...##......#..##
##.## ..........
##..K###.##.....####
##.#@#.##.#...#.....#
#....................
##.#...##...........#
##......#..).......#
##.#.................
#....#......)........
##........#.......)..
#..........#.........
##.#.................


You could see 2 kobold blastminers.

Vanquished Creatures
  Kirke (D:12)
  Josephine (Orc:1)
  A boulder beetle (D:12)
  A hydra (Lair:4)
  A death knight (D:10)
  A centaur warrior (D:12)
  3 two-headed ogres (D:12)
  An orc high priest (Orc:1)
  A skyshark (Lair:2)
  Lodul (D:10)
  2 deep elf pyromancers (D:12)
  A lindwurm (Lair:3)
  3 ugly things (D:12)
  An orc sorcerer (Orc:1)
  4 cyclopes
  Joseph (Lair:1)
  9 elephants
  3 gargoyles
  10 cane toads
  A water nymph (Lair:3)
  4 unseen horrors
  5 komodo dragons
  4 rime drakes
  3 trolls
  22 blink frogs
  2 shadows
  4 wyverns
  44 yaks
  5 wraiths
  2 basilisks
  5 hogs
  2 wargs
  2 steam dragons
  A vampire mosquito (D:12)
  3 nagas (Lair:3)
  2 acid dragons
  13 water moccasins
  6 orc warriors
  2 ice beasts
  A sky beast (D:7)
  A black bear (D:6)
  9 ogres
  3 wolves (Lair:2)
  5 centaurs
  2 phantoms
  3 kobold brigands
  12 bullfrogs
  2 gnoll sergeants
  A scorpion (D:7)
  5 killer bees (D:10)
  3 electric eels (Lair:2)
  A crimson imp (D:3)
  3 howler monkeys (D:11)
  2 bombardier beetles
  8 orc priests
  3 hounds
  A jelly (D:7)
  4 sleepcaps
  3 iguanas
  Natasha (thrice) (D:2)
  A gnoll bouda (D:7)
  20 orc wizards
  Robin (D:2)
  8 adders
  4 gnolls
  13 river rats (D:5)
  A shadow imp (D:8)
  4 white imps
  4 dart slugs
  2 ribbon worms
  55 orcs
  3 giant cockroaches
  16 hobgoblins
  15 jackals
  13 kobolds
  12 quokkas
  8 ball pythons
  7 bats
  6 frilled lizards
  14 goblins
  23 rats
483 creatures vanquished.

Vanquished Creatures (others)
  A gnoll (D:8)
1 creature vanquished.

Grand Total: 484 creatures vanquished

Notes
Turn   | Place    | Note
-------+----------+-------------------------------------------
     0 | D:1      | Ajdolov the Armataur Gladiator began the quest for the Orb.
     0 | D:1      | Reached XP level 1. HP: 17/17 MP: 1/1
   142 | D:1      | Reached XP level 2. HP: 24/25 MP: 2/2
   398 | D:1      | Reached XP level 3. HP: 31/31 MP: 3/3
  1046 | D:2      | Reached XP level 4. HP: 40/40 MP: 4/4
  1057 | D:2      | Noticed Natasha
  1072 | D:2      | Killed Natasha
  1186 | D:2      | Noticed Natasha
  1192 | D:2      | Killed Natasha
  1258 | D:2      | Noticed Robin
  1290 | D:2      | Reached XP level 5. HP: 25/47 MP: 5/5
  1452 | D:3      | Reached skill level 5 in Fighting
  1589 | D:3      | Found a sparkling altar of Nemelex Xobeh.
  1748 | D:2      | Killed Robin
  1960 | D:2      | Noticed Natasha
  1965 | D:2      | Killed Natasha
  2108 | D:3      | You fall into a shaft and drop 1 floor!
  2519 | D:3      | Found a shimmering altar of Xom.
  2519 | D:3      | Found a burning altar of Makhleb.
  2531 | D:3      | Reached XP level 6. HP: 49/57 MP: 4/6
  2613 | D:4      | Noticed a yak
  2613 | D:4      | Noticed a yak
  2613 | D:4      | Noticed a yak
  2655 | D:5      | Entered Level 5 of the Dungeon
  3289 | D:5      | Gained mutation: You regenerate magic and health when
                  | rolling toward enemies. (Rampage Regen) [Armataur growth]
  3289 | D:5      | Reached XP level 7. HP: 66/66 MP: 7/7
  4268 | D:6      | Reached skill level 3 in Maces & Flails
  4428 | D:6      | Found Oskid's Jewellery Shoppe.
  4439 | D:6      | Bought an amulet of reflection for 330 gold pieces
  4603 | D:6      | Found a broken altar of Ashenzari.
  4610 | D:6      | Found a hide-covered altar of Uskayaw.
  4769 | D:6      | Reached skill level 4 in Maces & Flails
  4769 | D:6      | Reached XP level 8. HP: 69/74 MP: 8/8
  4786 | D:6      | Found a staircase to the Ecumenical Temple.
  4795 | Temple   | Found a transporter.
  4795 | Temple   | Found a transporter.
  4795 | Temple   | Found a transporter.
  4795 | Temple   | Found a transporter.
  4795 | Temple   | Entered the Ecumenical Temple
  4851 | D:6      | Found a snail-covered altar of Cheibriados.
  4855 | D:6      | Found an iron altar of Okawaru.
  4859 | D:6      | Found a radiant altar of Vehumet.
  4863 | D:6      | Became a worshipper of Warmaster Okawaru
  5016 | D:6      | Found Tocuyfono's Specific Store.
  5017 | D:6      | Found Diuq's General Store.
  5024 | D:6      | Bought a scroll of identify for 24 gold pieces
  5028 | D:6      | Bought a scroll of identify for 26 gold pieces
  5099 | D:6      | Reached skill level 5 in Maces & Flails
  5390 | D:7      | Reached skill level 6 in Maces & Flails
  5451 | D:7      | Reached * piety under Okawaru
  5458 | D:7      | Reached skill level 7 in Maces & Flails
  5795 | D:7      | Reached skill level 8 in Maces & Flails
  5795 | D:7      | Reached XP level 9. HP: 81/81 MP: 9/9
  6159 | D:4      | Reached skill level 9 in Maces & Flails
  6279 | D:4      | Reached ** piety under Okawaru
  7042 | D:8      | Reached skill level 10 in Maces & Flails
  7401 | D:8      | Found a sacrificial altar of Ru.
  7744 | D:8      | Found Keum's Mail-Order Catalogue.
  7916 | D:9      | Found an opulent altar of Gozag.
  8011 | D:9      | Reached skill level 11 in Maces & Flails
  8342 | D:9      | Reached XP level 10. HP: 87/88 MP: 10/10
  8389 | D:9      | Reached *** piety under Okawaru
  8390 | D:9      | Reached skill level 1 in Invocations
  8544 | D:10     | Entered Level 10 of the Dungeon
  8545 | D:10     | Found Zin's Purification Station.
  8550 | D:10     | Found a glowing silver altar of Zin.
  8560 | D:10     | Bought a potion of curing for 90 gold pieces
  8567 | D:10     | Noticed Lodul
  8761 | D:10     | Noticed a gargoyle
  8766 | D:10     | Killed a gargoyle
  8834 | D:10     | Killed Lodul
  8834 | D:10     | Reached **** piety under Okawaru
  9102 | D:10     | Found a staircase to the Lair.
  9103 | D:10     | Noticed a death knight
  9130 | D:11     | Reached skill level 5 in Invocations
  9334 | D:11     | Reached skill level 12 in Maces & Flails
  9616 | D:11     | Reached ***** piety under Okawaru
  9667 | D:10     | Reached XP level 11. HP: 39/94 MP: 10/15
 10510 | D:10     | Killed a death knight
 10734 | D:11     | Reached skill level 13 in Maces & Flails
 11392 | D:11     | Found a staircase to the Orcish Mines.
 11457 | D:11     | Received a gift from Okawaru
 11764 | Lair:1   | Entered Level 1 of the Lair of Beasts
 12276 | Lair:1   | Reached skill level 14 in Maces & Flails
 12392 | Lair:1   | Reached XP level 12. HP: 91/101 MP: 18/18
 12660 | Lair:1   | Noticed Joseph
 12691 | Lair:1   | Killed Joseph
 12906 | Lair:1   | Reached skill level 5 in Throwing
 13648 | Lair:2   | Received a gift from Okawaru
 14301 | Lair:2   | Identified the +10 great sword "Huedac" {venom, rPois rN+}
 14528 | Lair:3   | Found a staircase to the Shoals.
 14942 | Lair:3   | Received a gift from Okawaru
 15386 | Lair:3   | Reached skill level 1 in Shields
 15840 | Lair:3   | Found a staircase to the Snake Pit.
 15998 | Lair:3   | Received a gift from Okawaru
 16120 | Lair:3   | Reached XP level 13. HP: 92/107 MP: 19/19
 16574 | Lair:3   | Reached skill level 15 in Maces & Flails
 17884 | Lair:5   | Entered Level 5 of the Lair of Beasts
 17981 | D:12     | Noticed Kirke
 17995 | D:11     | Received a gift from Okawaru
 18187 | D:11     | Reached skill level 5 in Shields
 18675 | D:12     | Reached skill level 16 in Maces & Flails
 18716 | D:12     | Reached skill level 1 in Armour
 19105 | D:12     | Reached ****** piety under Okawaru
 19110 | D:12     | Acquired the +10 eveningstar "Rikhlup" {holy, Str+2 Stlth+}
 19110 | D:12     | Received a gift from Okawaru
 19135 | D:12     | Killed Kirke
 19135 | D:12     | Received a gift from Okawaru
 19182 | D:12     | Reached skill level 5 in Armour
 19874 | D:12     | Acquired a +1 barding of stealth
 19874 | D:12     | Received a gift from Okawaru
 19954 | Orc:1    | Entered Level 1 of the Orcish Mines
 19959 | Orc:1    | Received a gift from Okawaru
 19973 | Orc:1    | Found a roughly hewn altar of Beogh.
 20012 | Orc:1    | Reached skill level 1 in Evocations
 20165 | Orc:1    | Noticed Josephine
 20185 | Orc:1    | Killed Josephine
 20194 | Orc:1    | Killed from afar by a kobold blastminer

Illustrated notes

Levels and vault maps discovered:
D:1:      heliophobic_arrival_henge, layout_loops_corners, minmay_heptomino_w4
D:2:      layout_basic, uniq_robin, uniq_natasha
D:3:      layout_rooms, grunt_temple_overflow_champion_of_chaos,
          nemelex_xobeh_ov_fountains_minmay
D:4:      layout_cave_pools, serial_rivers, chequers_serial_rivers_small_b,
          chequers_serial_rivers_micro_c, chequers_serial_rivers_micro_b,
          chequers_serial_rivers_small_a, chequers_serial_rivers_room_a,
          chequers_serial_rivers_room_b, nrook_mini_backslash, minivault_1
D:5:      lemuel_ratsnest, layout_basic
D:6:      layout_loops_ring, grunt_temple_overflow_diamond,
          amethyst_overflow_temple_binary, temple_hall, nicolae_specific_store,
          roderic_serpentine_path, minmay_shop_enchanted_jewellery
D:7:      layout_rooms, minmay_misc_feat_alley, hangedman_decor_points,
          kennysheep_opposing_triangles
D:8:      layout_basic, kennysheep_mini, monkooky_shop_mail_order
D:9:      layout_cave_pools, lemuel_doored_altar,
          nicolae_concentric_dashed_squares_wild
D:10:     layout_basic, zin_purify, minmay_lair_entry_grove, serial_aquarium,
          aquarium_bridge_straight [aquarium_subvault_bridge,
          aquarium_subvault_wall, aquarium_subvault_bridge,
          aquarium_subvault_wall], aquarium_window_corridor_3,
          aquarium_window_1, aquarium_window_1, aquarium_window_2,
          aquarium_view_2e, enter_bailey_6, uniq_lodul
D:11:     layout_roguey, hiddenorc2_lemuel, portal_ice_cave_rime
D:12:     minmay_blocking_statues, layout_rooms,
          nicolae_elevator_lobby_asterisk, uniq_kirke
Temple:   hellmonk_temple_divided_pantheon
Lair:1:   layout_regular_city, beast_lair_carwin_9, lemuel_fruit_tree,
          uniq_joseph
Lair:2:   layout_roguey, minmay_stone_trees_small, serial_bayou_shore_a,
          grunt_megastairs_5
Lair:3:   layout_hall_layers, nicolae_shoals_entry_flooding,
          guppyfry_snake_entry_garden, eino_small_chamber_without_monster,
          beast_lair_carwin_11
Lair:4:   layout_small_grid, hangedman_lair_unloving_vines
Lair:5:   minmay_lair_end_frog_pond, layout_cave_pods, slime_entry_1,
          nicolae_lair_liquid_snakes, serial_bayou_shore_b
Orc:1:    layout_caves, basic_altar, uniq_josephine

Skill      XL: |  1  2  3  4  5  6  7  8  9 10 11 12 13 |
---------------+----------------------------------------+-----
Fighting       | 2 3 4 5 7 8 |  8.0
Maces & Flails | 4 8 11 12 14 16 | 16.0
Invocations    | 6 8 |  8.8
Throwing       | 3 8 |  8.6
Shields        | 3 5 |  5.0
Armour         | 8 |  8.3
Evocations     | 2 |  2.6
Dodging        | |  2.1

Action                     |  1- 3 |  4- 6 |  7- 9 | 10-12 | 13-15 || total
---------------------------+-------+-------+-------+-------+-------++-------
  Melee: Flail             |   142 |   226 |   384 |       |       ||   752
         Tailslap          |    14 |    28 |    64 |   132 |    62 ||   300
         Morningstar       |       |       |    97 |   825 |   279 ||  1201
         Eveningstar       |       |       |       |       |   119 ||   119
  Throw: Boomerang         |       |       |       |    43 |    24 ||    67
 Invoke: Heroism           |       |       |       |     3 |       ||     3
         Finesse           |       |       |       |     3 |       ||     3
         Receive Weapon    |       |       |       |       |     1 ||     1
         Receive Armour    |       |       |       |       |     1 ||     1
  Evoke: Wand              |       |       |       |     9 |       ||     9
    Use: Scroll            |       |    10 |     9 |     6 |     6 ||    31
         Potion            |       |     1 |     2 |     6 |     2 ||    11
 Armour: Leather armour    |    18 |       |       |       |       ||    18
         Scale mail        |   131 |   350 |   226 |       |       ||   707
         Chain mail        |       |       |   217 |   616 |    37 ||   870
         Plate armour      |       |       |       |       |   315 ||   315
  Dodge: Dodged            |    96 |   162 |   145 |   178 |    52 ||   633
         Repelled          |       |       |     7 |       |       ||     7
  Block: Other             |       |       |    65 |   126 |       ||   191
         Reflection        |       |       |     1 |     7 |     1 ||     9
         Buckler           |       |       |       |    44 |   148 ||   192

Table legend: (Time is in decaauts)
 A = Elapsed time spent in this place.
 B = Non-inter-level travel time spent in this place.
 C = Inter-level travel time spent in this place.
 D = Time resting spent in this place.
 E = Time spent auto-exploring this place.
 F = Levels seen in this place.
 G = Mean time per level.
                   A        B        C        D        E       F      G
               +--------+--------+--------+--------+--------+-----+--------+
         Total |  20105 |  18826 |   1279 |   2183 |  12270 |  19 | 1058.2 |
       Dungeon |  14020 |  12962 |   1058 |   1484 |   8298 |  12 | 1168.3 |
        Temple |     19 |     10 |      9 |      0 |      0 |   1 |   19.0 |
          Lair |   5935 |   5724 |    211 |    699 |   3929 |   5 | 1187.0 |
  Orcish Mines |    129 |    129 |      0 |      0 |     43 |   1 |  129.0 |
               +--------+--------+--------+--------+--------+-----+--------+

Top non-repeatable levels by time:
    D:11: 1973 daAuts
  Lair:3: 1880 daAuts
    D:12: 1728 daAuts
  Lair:1: 1573 daAuts
  Lair:2: 1519 daAuts
    D:10: 1359 daAuts
     D:5: 1325 daAuts
     D:8: 1154 daAuts
     D:6: 1150 daAuts
     D:7: 1058 daAuts
  Lair:4: 960 daAuts
     D:1: 959 daAuts
     D:3: 899 daAuts
     D:9: 831 daAuts
     D:4: 821 daAuts
